 Dungeon Crawl Stone Soup version 0.18.1-48-g4cf74bf (webtiles) character file.

6576 Joat the Slinger (level 10, -3/79 HPs)
             Began as a Demonspawn Artificer on July 30, 2016.
             Was a High Priest of Pakellas.
             Slain by a wolf (9 damage)
             ... on level 8 of the Dungeon on July 31, 2016.
             The game lasted 02:57:52 (13405 turns).

Joat the Slinger (Demonspawn Artificer)            Turns: 13405, Time: 02:57:53

Health: -3/79      AC:  5    Str: 12    XL:     10   Next: 71%
Magic:  10/15      EV: 13    Int: 14    God:    Pakellas [*****.]
Gold:   346        SH:  0    Dex: 16    Spells: 0 memorised, 9 levels left

rFire  . . .     SeeInvis .     b - +1 hunting sling (flame)
rCold  + . .     Gourm    +     i - +1 leather armour
rNeg   + . .     Faith    .     (no shield)
rPois  .         Spirit   .     (no helmet)
rElec  .         Dismiss  .     (no cloak)
rCorr  .         Reflect  .     (no gloves)
SustAt .         Harm     .     (no boots)
MR     +....                    q - amulet of the gourmand
Stlth  ++........               U - ring of protection from magic
                                S - ring of positive energy

@: somewhat resistant to hostile enchantments, unstealthy
A: talons 1, molten scales 1, cold resistance 1, demonic guardian 1
a: Quick Charge, Device Surge, Renounce Religion


You were on level 8 of the Dungeon.
You worshipped Pakellas.
Pakellas was extremely pleased with you.
You were full.

You visited 2 branches of the dungeon, and saw 9 of its levels.
You also visited: Ossuary and Bailey.

You collected 382 gold pieces.
You spent 36 gold pieces at shops.

Inventory:

Hand Weapons
 b - a +1 hunting sling of flaming (weapon)
 L - a cursed +3 falchion of freezing
Missiles
 r - 145 stones (quivered)
 v - 36 tomahawks of returning
 G - a throwing net
Armour
 i - a +1 leather armour (worn)
Rods
 a - a +6 rod of ignition (12/12)
   (Pakellas gifted it to you in a bailey)
Jewellery
 q - an amulet of the gourmand (around neck)
 S - a ring of positive energy (left hand)
 U - a ring of protection from magic (right hand)
Wands
 c - a wand of flame (5/48)
 d - a wand of enslavement (12/24)
 e - a wand of random effects (3/48)
 o - a wand of acid (6/15)
 E - a wand of iceblast (4/15)
 K - a wand of polymorph (10/24)
 M - a wand of lightning (4/15)
 N - a wand of digging (8/24)
 O - a wand of paralysis (0/24)
 Q - a wand of teleportation (6/9)
 T - a wand of paralysis (13/24)
Scrolls
 u - 2 scrolls of noise {unknown}
 y - a scroll of enchant weapon {unknown}
 z - 2 scrolls of fog {unknown}
 B - 3 scrolls of fear
 F - 6 scrolls of teleportation
 I - 2 scrolls of blinking
 J - 2 scrolls of recharging
 X - a scroll of acquirement {unknown}
 Z - 2 scrolls of remove curse
Potions
 g - 3 potions of haste {unknown}
 h - a potion of lignification {unknown}
 j - 4 potions of mutation {unknown}
 k - 2 potions of cancellation
 l - 2 potions of magic
 m - 6 potions of curing
 n - 2 potions of cure mutation {unknown}
 p - 5 potions of degeneration {unknown}
 w - 2 potions of resistance {unknown}
 H - a potion of ambrosia
 P - 2 potions of might
 R - 3 potions of flight {unknown}
 V - 3 potions of agility
 Y - a potion of berserk rage
Books
 D - a book of Necromancy

   Spells                             Type                      Level
   a - Pain                           Necromancy                   1
   b - Animate Skeleton               Necromancy                   1
   c - Vampiric Draining              Necromancy                   3
   d - Regeneration                   Charms/Necromancy            3
   e - Animate Dead                   Necromancy                   4
   f - Control Undead                 Necromancy                   4
Miscellaneous
 C - a lamp of fire (inert)
Comestibles
 f - 12 bread rations
 s - 2 beef jerkies
 t - 2 meat rations
 x - a slice of pizza
 A - 6 fruits


   Skills:
 + Level 7.5 Fighting
   Level 0.8 Short Blades
 - Level 12.0 Slings
 - Level 3.2 Armour
 - Level 3.0 Dodging
 - Level 3.5 Stealth
 + Level 7.3 Evocations


You had 9 spell levels left.
You didn't know any spells.

Dungeon Overview and Level Annotations

Branches:
Dungeon (8/15)             Temple (0/1) D:5            Lair (1/8) D:8

Altars:
Dithmenos
Nemelex Xobeh
Pakellas
Qazlal
Vehumet
Yredelemnul
The Shining One

Shops:
D:4 (

Annotations:
D:7 1 exclusion


Innate Abilities, Weirdness & Mutations

You have sharp toenails.
You are partially covered in molten scales (AC +1).
Your flesh is cold resistant.
A weak demonic guardian rushes to your aid.


Message History

Aim: a wolf (almost dead)
You shoot a stone. The stone closely misses the wolf.
The wolf bites you!
* * * LOW HITPOINT WARNING * * *
Evoke which item? (* to show all) (? for menu, Esc to quit)
Zapping:
c - a wand of flame (7/48)
Press: ? - help, Shift-Dir - straight line, f/p - wolf
Aim: a wolf (almost dead)
The puff of flame misses the wolf.
This wand has 6 charges left.
The wolf bites you.
* * * LOW HITPOINT WARNING * * *
Evoke which item? (* to show all) (? for menu, Esc to quit)
Zapping:
c - a wand of flame (6/48)
Press: ? - help, Shift-Dir - straight line, f/p - wolf
Aim: a wolf (almost dead)
The puff of flame misses the wolf.
This wand has 5 charges left.
The wolf bites you.
* * * LOW HITPOINT WARNING * * *
The wolf bites you!
You die...
Pakellas says: Good help is so hard to find these days!

###...#####......#.##.......# #.
............#......##.......# #.
.............P[P............# #.
............P.P.P.P.........# #.
###...####.P.....P..........# #.
#...###.P.P.P...PP........# ##.
#.........P.#+##.P...########.#
#...##......#.h#.....##### #.##
#...###..P[P#†@#.........####.#
##.## #.P...####............##.
####.# #........)......##.##.###
.....#####.PPP....P.P.#)##.......
............=.P.P.PP..#)#####.###
)#######.#......P.P..##.#####.#
.### ##..#.......####...÷...#
...#### ##.#..#.#.## #########
.#....# #.#....#.#


You could see a wolf.

Vanquished Creatures
  2 orc knights (Bailey)
  A wasp (D:8)
  A spriggan (D:7)
  A wraith (D:8)
  2 hippogriffs
  2 water moccasins
  4 orc warriors
  A phantom (D:7)
  2 black bears
  2 sky beasts
  A necrophage (D:7)
  A centaur (D:7)
  5 ogres
  A big kobold (D:8)
  7 giant frogs
  A scorpion (D:8)
  6 killer bees (D:8)
  8 wights
  A howler monkey (D:5)
  3 crimson imps
  2 centaur zombies (Ossuary)
  2 jellies
  A human zombie (Ossuary)
  2 orc priests
  2 hounds
  A centaur skeleton (D:5)
  An iguana (D:8)
  Terence (D:3)
  5 orc wizards
  2 hell rats (Lair:1)
  4 worker ants
  2 big kobold zombies (Ossuary)
  A hound zombie (D:6)
  2 hound skeletons
  2 mummies (Ossuary)
  4 gnolls (D:6)
  7 adders
  20 river rats
  3 shadow imps (D:6)
  3 oozes
  An adder zombie (D:8)
  An adder skeleton (D:7)
  6 worms
  5 giant geckos
  30 orcs
  16 bats
  6 giant cockroaches
  2 gnoll zombies (D:5)
  9 hobgoblins
  3 jackals (D:5)
  16 kobolds
  4 ball pythons
  A giant gecko skeleton (D:8)
  A giant gecko zombie (D:7)
  3 giant newts
  13 goblins
  3 orc zombies (Ossuary)
  2 quokka skeletons
  A quokka zombie (D:5)
  39 rats
  4 fungi (D:8)
  2 plants (D:8)
287 creatures vanquished.

Vanquished Creatures (collateral kills)
  A gargoyle (D:8)
  A hippogriff (D:8)
  An ogre (D:5)
  A killer bee (D:8)
  A scorpion (D:7)
  A river rat (D:8)
  A worm (D:3)
  4 orcs (D:3)
  A kobold (D:8)
  2 quokkas
  A rat (D:8)
15 creatures vanquished.

Grand Total: 302 creatures vanquished

Notes
Turn   | Place    | Note
--------------------------------------------------------------
     0 | D:1      | Joat the Demonspawn Artificer began the quest for the Orb.
     0 | D:1      | Reached XP level 1. HP: 15/15 MP: 3/3
   585 | D:1      | Gained mutation: You are partially covered in molten scales (AC +1). [demonic ancestry]
   585 | D:1      | Reached XP level 2. HP: 21/21 MP: 4/4
  1531 | D:2      | Found an oddly glowing altar of Pakellas.
  1547 | D:2      | Became a worshipper of Pakellas the Inventive
  1807 | D:2      | Found a shadowy altar of Dithmenos.
  1857 | D:2      | Reached XP level 3. HP: 13/26 MP: 3/6
  2533 | D:3      | Found a stormy altar of Qazlal.
  2563 | D:3      | Found a radiant altar of Vehumet.
  2565 | D:3      | Noticed an orc warrior
  2684 | D:3      | Reached skill level 5 in Evocations
  2684 | D:3      | Reached XP level 4. HP: 27/32 MP: 4/7
  2886 | D:3      | Killed an orc warrior
  2886 | D:3      | Gained mutation: A weak demonic guardian rushes to your aid. [demonic ancestry]
  2886 | D:3      | Reached XP level 5. HP: 17/37 MP: 1/9
  3554 | D:3      | Reached * piety under Pakellas
  3554 | D:3      | Received a gift from Pakellas
  3656 | D:3      | Noticed Terence
  3670 | D:3      | Killed Terence
  4058 | D:4      | Noticed an ogre
  4066 | D:4      | Killed an ogre
  4066 | D:4      | Reached XP level 6. HP: 43/43 MP: 4/11
  4335 | D:4      | Found Uzebas's Antique Weapon Shop.
  4348 | D:4      | Bought a runed hunting sling for 36 gold pieces
  4407 | D:4      | Reached skill level 1 in Slings
  4814 | D:5      | Entered Level 5 of the Dungeon
  5064 | D:5      | Reached skill level 2 in Slings
  5173 | D:5      | Reached XP level 7. HP: 36/48 MP: 5/12
  5201 | D:5      | Reached skill level 3 in Slings
  5305 | D:5      | Found a staircase to the Ecumenical Temple.
  5638 | D:5      | Reached ** piety under Pakellas
  5638 | D:5      | Received a gift from Pakellas
  5769 | D:5      | Found a basalt altar of Yredelemnul.
  5997 | D:6      | Found a sand-covered staircase.
  6004 | Ossuary  | Entered an ossuary
  6169 | Ossuary  | Reached skill level 4 in Slings
  6395 | Ossuary  | Reached skill level 11 in Slings
  6395 | Ossuary  | Gained mutation: Your flesh is cold resistant. [demonic ancestry]
  6395 | Ossuary  | Reached XP level 8. HP: 54/54 MP: 8/13
  6667 | D:6      | Reached skill level 12 in Slings
  6681 | D:6      | Found a sparkling altar of Nemelex Xobeh.
  6722 | D:6      | Found Nafedakk's Antique Weapon Shop.
  7166 | D:6      | Reached *** piety under Pakellas
  7166 | D:6      | Received a gift from Pakellas
  7473 | D:6      | Reached **** piety under Pakellas
  7473 | D:6      | Received a gift from Pakellas
  7606 | D:6      | Reached XP level 9. HP: 64/64 MP: 14/14
  8356 | D:7      | Reached skill level 5 in Fighting
 10055 | D:8      | Found a flagged portal.
 10102 | Bailey   | Entered a bailey
 10149 | Bailey   | Reached ***** piety under Pakellas
 10149 | Bailey   | Received a gift from Pakellas
 10153 | Bailey   | Identified a +6 rod of ignition (12/12) (Pakellas gifted it to you in a bailey)
 10159 | Bailey   | Noticed an orc warlord
 10191 | Bailey   | Noticed Situis's ghost (novice DsFE)
 10250 | Bailey   | Noticed an orc knight
 10274 | Bailey   | Killed an orc knight
 10382 | Bailey   | Noticed an orc knight
 10395 | Bailey   | Killed an orc knight
 10395 | Bailey   | Reached skill level 1 in Armour
 10395 | Bailey   | Gained mutation: You have sharp toenails. [demonic ancestry]
 10395 | Bailey   | Reached XP level 10. HP: 79/79 MP: 8/15
 10473 | Bailey   | Found a runed gate.
 10476 | Bailey   | Found a runed gate.
 10482 | Bailey   | Found a runed gate.
 11470 | D:8      | Found a staircase to the Lair.
 12019 | D:8      | Found a glowing golden altar of the Shining One.
 12380 | D:8      | Noticed a gargoyle
 12388 | D:8      | Killed a gargoyle
 12811 | Lair:1   | Entered Level 1 of the Lair of Beasts
 13405 | D:8      | Slain by a wolf

Skill      XL: |  1  2  3  4  5  6  7  8  9 10 |
---------------+-------------------------------+-----
Evocations     | 4 5 6 7 |  7.3
Slings         | 2 11 12 | 12.0
Fighting       | 3 7 |  7.5
Armour         | 1 3 |  3.2
Stealth        | 2 3 |  3.5
Dodging        | 3 |  3.0
Short Blades   | |  0.8

Action                   |  1- 3 |  4- 6 |  7- 9 | 10-12 || total
-------------------------+-------+-------+-------+-------++-------
Melee: Mace              |    49 |       |       |       ||    49
       Short sword       |    56 |    38 |       |       ||    94
       War axe           |       |    61 |     9 |       ||    70
       Hand axe          |       |       |       |   107 ||   107
       Kick              |       |       |       |    60 ||    60
       Hunting sling     |       |       |       |     1 ||     1
 Fire: Hunting sling     |    41 |    92 |   487 |   375 ||   995
Throw: Tomahawk          |    15 |     2 |       |       ||    17
       Stone             |     1 |       |       |       ||     1
Invok: Quick Charge      |       |     1 |     2 |     4 ||     7
Evoke: Wand              |     7 |    19 |    20 |    10 ||    56
       Phantom mirror    |       |       |     2 |       ||     2
       Rod               |       |       |     1 |     2 ||     3
       Lamp of fire      |       |       |     1 |     1 ||     2
  Use: Scroll            |     6 |       |    13 |     2 ||    21
       Potion            |       |       |     1 |       ||     1
 Stab: Sleeping          |     3 |       |       |       ||     3
       Paralysed         |     3 |       |       |       ||     3
       Distracted        |       |     2 |       |       ||     2
  Eat: Chunk             |     6 |       |    10 |     8 ||    24
       Meat ration       |       |     2 |     2 |       ||     4
       Pizza             |       |       |     1 |       ||     1
Armor: Leather armour    |    50 |     1 |    11 |    22 ||    84
       Plate armour      |       |   160 |    45 |       ||   205
Dodge: Dodged            |    85 |    23 |    45 |   109 ||   262
